AoeStats
← [RAT] G0rm

African Clearing

506486673Analyzed
4v4 RM · 19d ago on Sep 13, 2026· 58m 2s· 8 players
Game mode
Random Map
Map size
Large (8 player)
Population
200
Speed
Normal
Resources
Standard
Victory
Conquest
Starting age
Dark Age
Ending age
Imperial Age
RankedLock teamsTeams togetherTeam positionsShared explorationLock speedFull tech treeHidden civsTurbo modeCheats
Victory
Defeat
🇺🇸 Wei · United States
1643
+13
🇺🇸 Malians · United States
1625
+14
🇳🇱 Byzantines · Netherlands
1555
+17
🇷🇴 Magyars · Romania
1549
+17
🇨🇳 Mongols · China
1624
-17
🇨🇴 Lithuanians · Colombia
1605
-16
🇺🇸 Chinese · United States
1567
-15
🇹🇼 Huns · Taiwan
1510
-13
ss839059
9:17 Loom
11:45 Feudal Age
12:28 Double-Bit Axe
21:53 Fletching
24:13 Padded Archer Armor
26:59 Wheelbarrow
33:26 Horse Collar
39:22 Castle Age
54:01 Heavy Plow
56:36 Bodkin Arrow
56:57 Leather Archer Armor
60:09 Imperial Age
Bz_青红
9:10 Loom
11:35 Feudal Age
14:58 Forging
14:53 Scale Barding Armor
16:03 Double-Bit Axe
16:32 Horse Collar
17:19 Bloodlines
19:52 Fletching
25:20 Wheelbarrow
28:34 Castle Age
27:39 Gold Mining
27:40 Stone Mining
27:53 Padded Archer Armor
29:32 Bow Saw
29:25 Heavy Plow
30:06 Bodkin Arrow
30:29 Hand Cart
32:05 Leather Archer Armor
34:37 Ballistics
34:22 Husbandry
40:29 Imperial Age
39:09 Town Watch
39:53 Thumb Ring
40:37 Elite Mangudai
41:52 Bracer
42:59 Chemistry
42:59 Parthian Tactics
44:00 Conscription
43:11 Capped Ram
45:22 Drill
45:32 Siege Ram
AlDebaran
2:56 Loom
12:55 Feudal Age
17:02 Castle Age
15:51 Fletching
31:12 Bodkin Arrow
33:13 Scale Mail Armor
35:41 Chain Mail Armor
Ux'LeonzAoe
10:12 Loom
12:33 Feudal Age
13:06 Double-Bit Axe
13:06 Horse Collar
14:25 Town Watch
18:40 Wheelbarrow
18:45 Wheelbarrow
19:01 Scale Mail Armor
19:14 Forging
24:04 Castle Age
31:11 Fletching
32:17 Heavy Plow
32:29 Bow Saw
35:42 Husbandry
36:53 Scale Barding Armor
38:17 Hill Forts
38:40 Herbal Medicine
39:43 Chain Barding Armor
39:20 Bodkin Arrow
40:45 Ballistics
40:44 Bloodlines
41:04 Hand Cart
44:49 Imperial Age
44:46 Iron Casting
44:50 Elite Leitis
45:52 Conscription
46:08 Plate Barding Armor
47:37 Devotion
52:06 Hoardings
[RAT] Havik_AoE
5:07 Loom
13:51 Feudal Age
13:52 Man-at-Arms
20:10 Castle Age
19:57 Horse Collar
26:52 Scale Barding Armor
29:26 Chain Barding Armor
30:03 Forging
31:54 Iron Casting
33:42 Wheelbarrow
37:04 Imperial Age
37:31 Hand Cart
37:41 Husbandry
39:21 Plate Barding Armor
41:10 Conscription
42:33 Elite Cataphract
43:12 Heavy Camel Rider
44:20 Double-Bit Axe
44:36 Heavy Plow
46:30 Chemistry
47:44 Logistica
47:50 Scale Mail Armor
47:42 Fletching
50:02 Ballistics
50:00 Treadmill Crane
50:19 Bodkin Arrow
50:40 Chain Mail Armor
50:49 Padded Archer Armor
51:04 Bow Saw
51:27 Crop Rotation
51:11 Greek Fire
52:04 Pikeman
52:45 Squires
53:17 Plate Mail Armor
52:48 Halberdier
53:36 Bracer
55:06 Capped Ram
55:10 Light Cavalry
56:40 Caravan
56:54 Guilds
57:14 Leather Archer Armor
58:34 Ring Archer Armor
58:11 Thumb Ring
59:10 Two-Man Saw
58:56 Hoardings
58:19 Murder Holes
[RAT] G0rm
9:35 Loom
12:17 Feudal Age
13:35 Double-Bit Axe
16:09 Fletching
19:11 Horse Collar
26:37 Castle Age
30:41 Bow Saw
32:07 Gold Mining
31:59 Crossbowman
32:38 Bodkin Arrow
34:40 Husbandry
37:54 Wheelbarrow
37:26 Town Watch
41:03 Thumb Ring
42:01 Ballistics
41:56 Stone Mining
42:38 Bloodlines
46:44 Imperial Age
44:33 Padded Archer Armor
46:05 Leather Archer Armor
47:31 Bracer
47:36 Recurve Bow
47:02 Heavy Cavalry Archer
50:05 Chemistry
50:32 Ring Archer Armor
54:01 Gold Shaft Mining
54:57 Parthian Tactics
55:29 Light Cavalry
56:42 Conscription
[RAT] Spencer
9:45 Loom
12:04 Feudal Age
12:49 Double-Bit Axe
13:31 Horse Collar
19:22 Scale Barding Armor
21:05 Wheelbarrow
23:28 Castle Age
22:24 Bloodlines
23:04 Forging
24:58 Chain Barding Armor
26:21 Bow Saw
38:15 Husbandry
38:17 Light Cavalry
39:28 Heavy Plow
40:05 Devotion
43:01 Gold Mining
43:02 Stone Mining
45:38 Gold Shaft Mining
45:39 Stone Shaft Mining
45:27 Hand Cart
48:37 Imperial Age
46:29 Tuntian
48:38 Elite Tiger Cavalry
49:51 Ming Guang Armor
49:55 Conscription
49:26 Capped Ram
50:47 Iron Casting
50:22 Siege Ram
52:00 Fletching
53:58 Hussar
55:48 Blast Furnace
55:11 Ballistics
55:52 Chemistry
Benedict Cucumberpatch
6:13 Loom
11:36 Feudal Age
12:17 Double-Bit Axe
17:51 Town Watch
20:11 Fletching
25:12 Castle Age
23:44 Padded Archer Armor
23:37 Man-at-Arms
24:23 Scale Mail Armor
26:05 Bodkin Arrow
26:22 Forging
30:38 Squires
32:30 Wheelbarrow
32:30 Leather Archer Armor
32:33 Chain Mail Armor
33:24 Arson
34:09 Horse Collar
38:09 Tigui
39:42 Heavy Plow
39:53 Bow Saw
40:53 Iron Casting
44:07 Imperial Age
42:45 Husbandry
42:51 Scale Barding Armor
43:25 Bloodlines
42:54 Light Cavalry
43:55 Chain Barding Armor
43:50 Leather Archer Armor
47:34 Coinage
52:12 Heavy Camel Rider
53:28 Plate Barding Armor
54:31 Farimba
54:52 Conscription
55:12 Hand Cart
56:25 Plate Mail Armor
56:34 Hoardings
57:52 Caravan
58:22 Coinage
Connection lost

Rejoining the realm…

Still unreachable

The connection could not be restored.

Session expired

The server has moved on; the page needs a fresh start.